 Dungeon Crawl Stone Soup version 0.26-a0-612-gd4d190f45e (webtiles) character file.

Game seed: 4041398649356613442

47 DogServant the Skirmisher (level 3, 16/34 HPs)
             Began as a Minotaur Fighter on Sept 9, 2020.
             Quit the game on level 2 of the Dungeon.
             The game lasted 00:02:02 (906 turns).

DogServant the Skirmisher (Minotaur Fighter)         Turns: 906, Time: 00:02:02

Health: 16/34      AC:  7    Str: 21    XL:     3   Next: 48%
Magic:  2/2        EV:  7    Int:  5    God:
Gold:   117        SH:  9    Dex:  9    Spells: 2/2 levels left

rFire    . . .     SeeInvis .   a - +0 long sword
rCold    . . .     Faith    .   c - +0 kite shield
rNeg     . . .     Spirit   .   b - +0 scale mail
rPois    .         Reflect  .   (helmet restricted)
rElec    .         Harm     .   (no cloak)
rCorr    .                      (no gloves)
MR       .....                  (no boots)
Stlth    ..........             (no amulet)
HPRegen  0.11/turn              (no ring)
MPRegen  0.08/turn              (no ring)

@: no status effects
A: retaliatory headbutt, horns 2
a: no special abilities


You were on level 2 of the Dungeon.
You visited 1 branch of the dungeon, and saw 2 of its levels.

You collected 117 gold pieces.

Inventory:

Hand Weapons
 a - a +0 long sword (weapon)
Armour
 b - a +0 scale mail (worn)
 c - a +0 kite shield (worn)
Scrolls
 e - a scroll of teleportation {unknown}
 i - a scroll of fear {unknown}
 j - a scroll of blinking {unknown}
Potions
 d - a potion of might
 f - a potion of haste {unknown}
 g - 2 potions of curing {unknown}
 h - a potion of lignification {unknown}


   Skills:
 * Level 4.3 Fighting
 + Level 3.0 Long Blades
 + Level 4.1 Armour
 + Level 4.2 Shields


You had 2 spell levels left.
You didn't know any spells.
Your spell library was empty.

Dungeon Overview and Level Annotations

Branches:
Dungeon (2/15)

Altars:


Innate Abilities, Weirdness & Mutations

You reflexively headbutt those who attack you in melee.
You have a pair of horns on your head.


Message History

You barely miss the adder.
The adder is almost dead.
The adder bites you but does no damage. You block the adder's attack.
You barely miss the adder. Your headbutt misses the adder.
The adder is almost dead.
The adder bites you. You block the adder's attack.
You hit the adder but do no damage. Your headbutt misses the adder.
The adder is almost dead.
The adder bites you. x2
You completely miss the adder. Your headbutt misses the adder.
The adder is almost dead.
The adder closely misses you. You furiously retaliate!
You headbutt the adder.
You kill the adder!
Your Long Blades skill increases to level 3!
You slash the worm! You headbutt the worm.
The worm is severely wounded.
You block the worm's attack.
Unknown command.
Unknown command.
Are you sure you want to abandon this character and quit the game? (Confirm with "yes".)

...............
..........#..##
..............#
.#..#...#†#...#
........<.#...#..
................
#..#.....#......
#..##......#.#..
#.....@w.#.# #
#....$...#.#
#..............
......##..##.#.#
#..... #... ....
###### ##.## #..
.. .. ...


You could see a worm.

Vanquished Creatures
  An adder (D:2)
  3 dart slugs (D:1)
  2 leopard geckos (D:1)
  A giant cockroach (D:1)
  4 goblins (D:1)
  2 hobgoblins (D:1)
  2 jackals (D:1)
  3 kobolds (D:1)
  5 bats
  2 frilled lizards
  6 rats (D:1)
31 creatures vanquished.

Notes
Turn   | Place    | Note
-------+----------+-------------------------------------------
     0 | D:1      | DogServant the Minotaur Fighter began the quest for the
                  | Orb.
     0 | D:1      | Reached XP level 1. HP: 19/19 MP: 0/0
     1 | D:1      | Noticed an electric eel
   183 | D:1      | Reached XP level 2. HP: 27/27 MP: 1/1
   342 | D:1      | Reached XP level 3. HP: 27/33 MP: 2/2
   906 | D:2      | Quit the game

Illustrated notes

Levels and vault maps discovered:
D:1:      arrival_aquarium_a, layout_basic, minmay_vboxes
D:2:      layout_basic, uniq_crazy_yiuf_cottage, uniq_sigmund

Skill      XL: |  1  2  3 |
---------------+----------+-----
Fighting       | 4 |  4.3
Shields        | 4 |  4.2
Armour         | 4 |  4.1
Long Blades    | 3 |  3.0

Action                   || total
-------------------------++-------
Melee: Long sword        ||    73
       Headbutt          ||    10
Armor: Scale mail        ||    42
Dodge: Dodged            ||    33
Block: Kite shield       ||    54
       Rpst.: Long sword ||     6

Table legend: (Time is in decaauts)
 A = Elapsed time spent in this place.
 B = Non-inter-level travel time spent in this place.
 C = Inter-level travel time spent in this place.
 D = Time resting spent in this place.
 E = Time spent auto-exploring this place.
 F = Levels seen in this place.
 G = Mean time per level.
                   A        B        C        D        E       F      G
               +--------+--------+--------+--------+--------+-----+--------+
         Total |    931 |    921 |     10 |      0 |    733 |   2 |  465.5 |
       Dungeon |    931 |    921 |     10 |      0 |    733 |   2 |  465.5 |
               +--------+--------+--------+--------+--------+-----+--------+

Top non-repeatable levels by time:
     D:1: 899 daAuts
     D:2: 32 daAuts
